 Seeded DCSS version 0.29.1-13-g9f3cf754e1 (webtiles) character file.

Game seed: 17204449105961741603 (custom seed)

32 retardedninja the Trooper (level 3, 33/33 HPs)
             Began as a Hill Orc Fighter on Jan 19, 2023.
             Quit the game on level 1 of the Dungeon.
             The game lasted 00:00:54 (944 turns).

retardedninja the Trooper (Hill Orc Fighter)         Turns: 944, Time: 00:00:55

Health: 33/33      AC:  7    Str: 20    XL:     3   Next: 27%
Magic:  3/3        EV:  9    Int:  8    God:
Gold:   10         SH:  4    Dex: 10    Spells: 2/2 levels left

rFire   . . .      SeeInvis .   a - +0 war axe
rCold   . . .      Faith    .   c - +0 buckler
rNeg    . . .      Spirit   .   b - +0 scale mail
rPois   .          Reflect  .   (no helmet)
rElec   .          Harm     .   (no cloak)
rCorr   .          Rampage  .   (no gloves)
Will    .....                   (no boots)
Stlth   ..........              (no amulet)
HPRegen 0.11/turn               (no ring)
MPRegen 0.08/turn               (no ring)

@: no status effects
A: no striking features
a: no special abilities


You were on level 1 of the Dungeon.
You visited 1 branch of the dungeon, and saw 1 of its levels.

You collected 10 gold pieces.

Inventory:

Hand Weapons
 a - a +0 war axe (weapon)
Armour
 b - a +0 scale mail (worn)
 c - a +0 buckler (worn)
Scrolls
 h - a scroll of identify {unknown}
 i - a scroll of silence {unknown}
 j - a scroll of fear {unknown}
 m - a scroll of noise {unknown}
 n - 3 scrolls of butterflies {unknown}
Potions
 d - a potion of might
 e - a potion of brilliance {unknown}
 f - a potion of lignification {unknown}
 g - a potion of berserk rage {unknown}
 k - a potion of attraction {unknown}
 l - a potion of mutation {unknown}


   Skills:
 + Level 4.0 Fighting
 + Level 3.3 Axes
 + Level 3.7 Armour
 + Level 3.6 Shields


You had 2 spell levels left.
You didn't know any spells.
Your spell library was empty.

Dungeon Overview and Level Annotations

Branches:
Dungeon (1/15)

Altars:


Message History

The slug dart misses you.
A dart slug is nearby!
A dart slug is nearby!
A dart slug is nearby!
You completely miss the dart slug. The dart slug launches a dart at you.
The slug dart misses you.
A dart slug is nearby!
You hit the dart slug.
The dart slug is heavily wounded.
The dart slug launches a dart at you.
The slug dart hits you but does no damage.
A dart slug is nearby!
You slash the dart slug!
You kill the dart slug!
Key pressed, stopping explore.
No target in view!
Key pressed, stopping explore.
Key pressed, stopping explore.
Key pressed, stopping explore.
Key pressed, stopping explore.
A bat comes into view.
A bat is nearby!
You block the bat's attack.
A bat is nearby!
A bat is nearby!
You slash the bat!
You kill the bat!
Key pressed, stopping explore.
Found a faded altar of an unknown god.
No target in view!
Key pressed, stopping explore.
No target in view!
Found a stone staircase leading down.
m - a scroll labelled NATOPL ORPHEOS No target in view!
n - 3 scrolls labelled QAT JIMMUKOETT Done exploring.
Done exploring.
Are you sure you want to abandon this character and quit the game? (Confirm with "yes".)

# #.## ######### #
###.# #.......#
#...#####.......#
#.####......>...#
#####.###...........#
....................#
............###.#####
..###........_#.##
.##.............@#
....###############
..#.#......<......#
..#.#.8.#######.8.#
..#.#.............#
..#.#.#####.#####.#
..#.#.#≈≈≈#.#≈≈≈#.#
).#.#.#≈≈≈#.#S≈≈#.#
....#.#S≈≈#.#≈≈S#.#


There were no monsters in sight!

Vanquished Creatures
  2 dart slugs (D:1)
  2 ball pythons (D:1)
  2 bats (D:1)
  3 endoplasms (D:1)
  A giant cockroach (D:1)
  3 goblins (D:1)
  4 hobgoblins (D:1)
  3 kobolds (D:1)
  2 quokkas (D:1)
  3 rats (D:1)
25 creatures vanquished.

Notes
Turn   | Place    | Note
-------+----------+-------------------------------------------
     0 | D:1      | retardedninja the Hill Orc Fighter began the quest for the
                  | Orb.
     0 | D:1      | Reached XP level 1. HP: 19/19 MP: 1/1
     3 | D:1      | Noticed an electric eel
     4 | D:1      | Noticed an electric eel
   109 | D:1      | Reached XP level 2. HP: 21/27 MP: 2/2
   665 | D:1      | Reached skill level 4 in Fighting
   724 | D:1      | Reached XP level 3. HP: 33/33 MP: 3/3
   929 | D:1      | Found a faded altar of an unknown god.
   944 | D:1      | Quit the game

Illustrated notes

Levels and vault maps discovered:
D:1:      arrival_aquarium_b, layout_rooms, basic_ecumenical_altar

Skill      XL: |  1  2 |
---------------+-------+-----
Axes           | 3 |  3.3
Fighting       | 4 |  4.0
Armour         | |  3.7
Shields        | |  3.6

Action                   || total
-------------------------++-------
Melee: War axe           ||    64
Armor: Scale mail        ||    31
Dodge: Dodged            ||    34
Block: Buckler           ||    11
